 Dungeon Crawl Stone Soup version 0.27-a0-1065-ge809cff456 (webtiles) character file.

Game seed: 15597141022838443108

3502 flotson the Covert (level 10, 0/80 HPs)
             Began as a Gnoll Delver on Apr 22, 2021.
             Was a High Priest of Fedhas.
             Slain by an unseen horror (3 damage)
             ... on level 8 of the Dungeon.
             The game lasted 00:17:57 (11214 turns).

flotson the Covert (Gnoll Delver)                  Turns: 11214, Time: 00:17:58

Health: 0/80       AC: 13    Str: 19    XL:     10   Next: 7%
Magic:  8/8        EV: 10    Int: 10    God:    Fedhas [*****.]
Gold:   542        SH:  5    Dex: 14    Spells: 18/18 levels left

rFire    + . .     SeeInvis .   a - +2 hand axe (flame)
rCold    . . .     Faith    .   w - +0 buckler
rNeg     + . .     Spirit   .   t - +1 chain mail "Meral" {rF+ Will+ MP-9 Str+5}
rPois    .         Reflect  .   c - +0 helmet
rElec    .         Harm     .   (no cloak)
rCorr    .         Rampage  .   (no gloves)
Will     +....                  o - +0 pair of boots
Stlth    ++........             (no amulet)
HPRegen  0.23/turn              y - ring of positive energy
MPRegen  0.11/turn              (no ring)

@: no status effects
A: fangs 1, strong nose, distributed training
a: Renounce Religion, Wall of Briars, Grow Ballistomycete, Overgrow, Grow Oklob


You were on level 8 of the Dungeon.
You worshipped Fedhas.
Fedhas was extremely pleased with you.
You visited 2 branches of the dungeon, and saw 9 of its levels.

You collected 542 gold pieces.

Inventory:

Hand Weapons
 a - a +2 hand axe of flaming (weapon)
 b - a +0 hand crossbow of flaming
Missiles
 d - 5 javelins (quivered)
 e - 32 poisoned darts
 h - 136 arrows
 B - a throwing net
 E - 15 bolts
Armour
 c - a +0 helmet (worn)
 o - a +0 pair of boots (worn)
 r - a +1 ring mail of willpower
 t - the +1 chain mail "Meral" (worn) {rF+ Will+ MP-9 Str+5}
   (You found it on level 4 of the Dungeon)

   It affects your strength (+5).
   It protects you from fire.
   It affects your magic capacity (-9).
   It increases your willpower.
 w - a +0 buckler (worn)
 z - +0 steam dragon scales
Jewellery
 y - a ring of positive energy (left hand)
Wands
 g - a wand of digging (3)
 p - a wand of iceblast (9)
 u - a wand of mindburst (15)
 A - a wand of acid (11)
Scrolls
 f - a scroll of enchant armour {unknown}
 l - a scroll of immolation {unknown}
 m - 3 scrolls of fog
 n - a scroll of amnesia {unknown}
 q - a scroll of identify {unknown}
 x - 3 scrolls of teleportation {unknown}
 F - 2 scrolls of enchant weapon {unknown}
Potions
 i - 2 potions of brilliance {unknown}
 j - 2 potions of curing
 k - 2 potions of attraction {unknown}
 s - 2 potions of flight {unknown}
 v - a potion of berserk rage {unknown}
 C - a potion of haste
 D - 2 potions of lignification {unknown}
 G - a potion of heal wounds {unknown}


   Skills:
 + Level 8.3 Fighting
 + Level 4.9 Short Blades
 + Level 4.9 Long Blades
 + Level 6.8 Axes
 + Level 4.9 Maces & Flails
 + Level 4.9 Polearms
 + Level 4.9 Staves
 + Level 4.9 Slings
 + Level 4.9 Bows
 + Level 4.9 Crossbows
 + Level 4.9 Throwing
 + Level 4.9 Armour
 + Level 6.8 Dodging
 + Level 10.7 Stealth
 + Level 4.9 Shields
 + Level 4.9 Unarmed Combat
 + Level 4.9 Spellcasting
 + Level 4.0 Conjurations
 + Level 4.0 Hexes
 + Level 4.0 Summonings
 + Level 4.0 Necromancy
 + Level 4.0 Translocations
 + Level 4.0 Transmutations
 + Level 4.0 Fire Magic
 + Level 4.0 Ice Magic
 + Level 4.0 Air Magic
 + Level 4.0 Earth Magic
 + Level 4.0 Poison Magic
 + Level 5.4 Invocations
 + Level 4.9 Evocations


You had 18 spell levels left.
You didn't know any spells.
Your spell library contained the following spells:

 Spells                   Type           Power      Damage    Failure   Level
 Corona                   Hex            11%        N/A       43%         1
 Magic Dart               Conj           40%        1d5       43%         1
 Sting                    Tmut/Pois      40%        1d5       43%         1
 Blink                    Tloc           N/A        N/A       56%         2
 Call Imp                 Summ           10%        N/A       56%         2
 Poisonous Vapours        Pois/Air       20%        N/A       56%         2
 Searing Ray              Conj           20%        3d3       56%         2
 Slow                     Hex            10%        N/A       56%         2
 Conjure Flame            Conj/Fire      10%        6-21      80%         3
 Dazzling Flash           Conj/Hex       20%        N/A       80%         3
 Ignite Poison            Fire/Tmut/Pois 10%        N/A       80%         3
 Inner Flame              Hex/Fire       10%        N/A       80%         3
 Mephitic Cloud           Conj/Pois/Air  10%        N/A       80%         3
 Portal Projectile        Hex/Tloc       20%        N/A       80%         3
 Cause Fear               Hex            5%         N/A       99%         4
 Fulminant Prism          Conj/Hex       5%         3d7       99%         4
 Iskenderun's Mystic Bla  Conj/Tloc      10%        2d4       99%         4
 Leda's Liquefaction      Hex/Erth       5%         N/A       99%         4
 Olgreb's Toxic Radiance  Pois           10%        N/A       99%         4


Dungeon Overview and Level Annotations

Branches:
Dungeon (8/15)             Temple (1/1) D:5
   Lair: D:8-11

Altars:
Ashenzari
Cheibriados
Elyvilon
Fedhas
Gozag
Hepliaklqana
Kikubaaqudgha
Okawaru
Qazlal
Ru
Sif Muna
Trog
Uskayaw
Vehumet
Wu Jian
Xom
Yredelemnul
Zin
The Shining One

Annotations:
D:7 3 runed translucent doors, Shayle's ghost, novice DgWr; Sobieck's ghost, novice NaVM
D:8 5 transporters


Innate Abilities, Weirdness & Mutations

You have very sharp teeth.
Your uncanny sense of smell can sniff out nearby items.
Your experience applies equally to all skills.


Message History

The orc priest is lightly wounded.
You hit something but do no damage. Something hits you but does no damage.
The orc priest mumbles some strange prayers to Beogh against you.
Pain shoots through your body!
* * * LOW HITPOINT WARNING * * *
Aiming: Mindburst
Press: ? - help, Shift-Dir - straight line, f - orc priest
Aim: an orc priest, wielding a +0 war axe and wearing a +0 plate armour (lightly wounded, chance to affect: 83%)
The orc priest barely resists.
Something hits you but does no damage.
The orc priest invokes the aid of Beogh against you.
You easily resist.
Aiming: Mindburst
Press: ? - help, Shift-Dir - straight line, f/p - orc priest
Aim: an orc priest, wielding a +0 war axe and wearing a +0 plate armour (lightly wounded, chance to affect: 83%)
The orc priest's mind is blasted!
You blow up the orc priest!
Fedhas appreciates your contribution to the ecosystem.
You can now grow an oklob plant.
Something hits you.
* * * LOW HITPOINT WARNING * * *
Something hits you.
* * * LOW HITPOINT WARNING * * *
Things that are here:
a +0 war axe; a +0 plate armour Something hits you but does no damage.
Something hits you but does no damage. Something hits you but does no damage.
Something hits you.
* * * LOW HITPOINT WARNING * * *
You block something's attack. Something hits you but does no damage.
Something hits you but does no damage. Something hits you but does no damage.
Something hits you.
* * * LOW HITPOINT WARNING * * *
You see here a +0 dagger.
Something hits you but does no damage.
There is an escape hatch in the ceiling here.
Something hits you.
You die...
Fedhas appreciates your contribution to the ecosystem.

###..<............###...........#
##..........###>...##.###########
...#........#.#.......#
...##......)..#..#..###
....##..........##...#
.....##.....#...#....#
...........###..#...##
...........# #.....##
...........###..@.##
.............#..###
..............)(.#
...............))##
..................#
.................##
...............###
...........##..# ..............##


There were no monsters in sight!

Vanquished Creatures
  A two-headed ogre (D:8)
  Grinder (D:3)
  3 steam dragons
  2 orc warriors
  2 ice beasts
  2 black bears (D:5)
  2 ogres (D:5)
  A necrophage (D:7)
  A centaur (D:6)
  A phantom (D:4)
  2 kobold brigands
  A wyvern zombie (D:7)
  2 scorpions (D:5)
  A water moccasin skeleton (D:6)
  5 killer bees (D:8)
  A bullfrog zombie (D:6)
  4 orc priests
  3 hounds
  A centaur skeleton (D:5)
  2 iguanas (D:4)
  Ijyb (D:3)
  4 orc wizards
  A hound skeleton (D:3)
  Robin (D:3)
  10 adders
  2 shadow imps
  2 white imps
  3 worms (D:3)
  4 dart slugs
  31 orcs
  6 endoplasms
  4 giant cockroaches
  19 goblins
  8 hobgoblins
  2 quokkas
  4 ball pythons
  5 bats
  4 frilled lizards
  14 kobolds
  9 rats
172 creatures vanquished.

Vanquished Creatures (others)
  6 withered plants (D:7)
6 creatures vanquished.

Grand Total: 178 creatures vanquished

Notes
Turn   | Place    | Note
-------+----------+-------------------------------------------
     0 | D:5      | Reached skill level 9 in Stealth
     0 | D:5      | flotson the Gnoll Delver began the quest for the Orb.
     0 | D:5      | Reached XP level 1. HP: 23/23 MP: 1/1
    28 | D:5      | Found a staircase to the Ecumenical Temple.
    44 | Temple   | Entered the Ecumenical Temple
   105 | Temple   | Became a worshipper of Fedhas Madash
   141 | D:5      | Noticed a black bear
   178 | D:4      | Noticed a phantom
   435 | D:4      | Noticed an iguana
   478 | D:4      | Noticed an orc wizard
   682 | D:3      | Reached XP level 2. HP: 29/29 MP: 2/2
   734 | D:3      | Reached XP level 3. HP: 33/35 MP: 3/3
   793 | D:3      | Noticed Grinder
   798 | D:3      | Noticed Robin
   832 | D:3      | Killed Robin
   833 | D:3      | Reached skill level 1 in Invocations
   850 | D:3      | Reached * piety under Fedhas
   851 | D:3      | Reached skill level 1 in Short Blades
   851 | D:3      | Reached skill level 1 in Long Blades
   851 | D:3      | Reached skill level 1 in Maces & Flails
   851 | D:3      | Reached skill level 1 in Polearms
   851 | D:3      | Reached skill level 1 in Staves
   851 | D:3      | Reached skill level 1 in Slings
   851 | D:3      | Reached skill level 1 in Bows
   851 | D:3      | Reached skill level 1 in Crossbows
   851 | D:3      | Reached skill level 1 in Throwing
   851 | D:3      | Reached skill level 1 in Armour
   851 | D:3      | Reached skill level 1 in Shields
   851 | D:3      | Reached skill level 1 in Unarmed Combat
   851 | D:3      | Reached skill level 1 in Spellcasting
   851 | D:3      | Reached skill level 1 in Evocations
   861 | D:3      | Paralysed by Grinder for 4 turns
  1261 | D:1      | Reached XP level 4. HP: 41/41 MP: 5/5
  1968 | D:1      | Found a faded altar of an unknown god.
  2023 | D:2      | Reached ** piety under Fedhas
  2047 | D:2      | Reached skill level 1 in Conjurations
  2047 | D:2      | Reached skill level 1 in Hexes
  2047 | D:2      | Reached skill level 1 in Summonings
  2047 | D:2      | Reached skill level 1 in Necromancy
  2047 | D:2      | Reached skill level 1 in Translocations
  2047 | D:2      | Reached skill level 1 in Transmutations
  2047 | D:2      | Reached skill level 1 in Fire Magic
  2047 | D:2      | Reached skill level 1 in Ice Magic
  2047 | D:2      | Reached skill level 1 in Air Magic
  2047 | D:2      | Reached skill level 1 in Earth Magic
  2047 | D:2      | Reached skill level 1 in Poison Magic
  2405 | D:2      | Reached XP level 5. HP: 35/47 MP: 5/7
  3153 | D:3      | Paralysed by Grinder for 2 turns
  3167 | D:3      | Paralysed by Grinder for 6 turns
  3603 | D:3      | Noticed Ijyb
  3621 | D:3      | Killed Ijyb
  3973 | D:3      | Killed Grinder
  3974 | D:3      | Reached skill level 5 in Axes
  3974 | D:3      | Reached skill level 5 in Dodging
  3974 | D:3      | Reached XP level 6. HP: 15/53 MP: 7/9
  4324 | D:3      | Found a glowing golden altar of the Shining One.
  4786 | D:3      | Found a snail-covered altar of Cheibriados.
  5198 | D:4      | Found a glowing silver altar of Zin.
  5198 | D:4      | Noticed an angel
  5340 | D:4      | Reached *** piety under Fedhas
  5341 | D:4      | Reached XP level 7. HP: 42/59 MP: 10/10
  5676 | D:4      | Identified the +1 chain mail "Meral" {rF+ Will+ MP-9 Str+5}
  6369 | D:5      | Found a sacrificial altar of Ru.
  6413 | D:5      | Reached skill level 10 in Stealth
  6428 | D:5      | Reached XP level 8. HP: 65/67 MP: 3/12
  8099 | D:6      | Reached **** piety under Fedhas
  8323 | D:7      | Reached XP level 9. HP: 25/72 MP: 5/14
  8600 | D:7      | Found a runed translucent gate.
  8602 | D:7      | Found a runed translucent gate.
  8619 | D:7      | Found a runed translucent gate.
  8651 | D:7      | Noticed Sobieck's ghost (novice NaVM)
  8651 | D:7      | Noticed Shayle's ghost (novice DgWr)
  8871 | D:7      | Found a bloodstained altar of Trog.
  9616 | D:8      | Found an ornate altar of the Wu Jian Council.
  9837 | D:8      | Noticed a two-headed ogre
  9841 | D:8      | Found a transporter.
  9866 | D:8      | Noticed a komodo dragon
  9866 | D:8      | Noticed a centaur warrior
  9867 | D:8      | Found a transporter.
  9868 | D:8      | Noticed a deep elf pyromancer
 10834 | D:8      | Found a transporter.
 10838 | D:8      | Identified the ring "Gade" {rElec Str+6}
 10853 | D:8      | Found a transporter.
 10853 | D:8      | Found a transporter.
 10878 | D:8      | Reached skill level 5 in Invocations
 10934 | D:8      | Killed a two-headed ogre
 10935 | D:8      | Reached XP level 10. HP: 29/80 MP: 6/17
 11201 | D:8      | Reached ***** piety under Fedhas
 11205 | D:8      | HP: 3/80 [something (5)]
 11211 | D:8      | HP: 2/80 [something (2)]
 11214 | D:8      | Slain by an unseen horror

Illustrated notes

Levels and vault maps discovered:
D:1:      lightli_arrival_noodles, layout_loops_cross,
          shapermc_ecumenical_altar_mp_vishouse
D:2:      layout_loops_cross, patterned_corridor
D:3:      layout_basic, slow_altar_2, overflow_temple_1_default, uniq_grinder,
          uniq_robin, uniq_ijyb
D:4:      layout_basic, zin_angel, dk_noncrumbling_4
D:5:      layout_basic, amcnicky_altar_gilded, minmay_temple_entry_offerings,
          kennysheep_diamond
D:6:      layout_loops_ring, kennysheep_generic_room_14
D:7:      layout_basic, trog_hazing_becter, gammafunk_ghost_cemetery,
          serial_curves, eino_curves_04, eino_curves_02
D:8:      gammafunk_the_bubble [the_bubble_gammafunk_roulette],
          layout_cave_pools, nicolae_wu_jian_immortal_techniques,
          minmay_door_square
Temple:   nicolae_temple_god_jail

Skill      XL: |  1  2  3  4  5  6  7  8  9 |
---------------+----------------------------+-----
Stealth        | 10 | 10.7
Invocations    | 1 2 3 4 5 |  5.4
Short Blades   | 1 2 3 4 |  4.9
Long Blades    | 1 2 3 4 |  4.9
Maces & Flails | 1 2 3 4 |  4.9
Polearms       | 1 2 3 4 |  4.9
Staves         | 1 2 3 4 |  4.9
Slings         | 1 2 3 4 |  4.9
Bows           | 1 2 3 4 |  4.9
Crossbows      | 1 2 3 4 |  4.9
Throwing       | 1 2 3 4 |  4.9
Armour         | 1 2 3 4 |  4.9
Shields        | 1 2 3 4 |  4.9
Unarmed Combat | 1 2 3 4 |  4.9
Spellcasting   | 1 2 3 4 |  4.9
Evocations     | 1 2 3 4 |  4.9
Conjurations   | 1 2 3 4 |  4.0
Hexes          | 1 2 3 4 |  4.0
Summonings     | 1 2 3 4 |  4.0
Necromancy     | 1 2 3 4 |  4.0
Translocations | 1 2 3 4 |  4.0
Transmutations | 1 2 3 4 |  4.0
Fire Magic     | 1 2 3 4 |  4.0
Ice Magic      | 1 2 3 4 |  4.0
Air Magic      | 1 2 3 4 |  4.0
Earth Magic    | 1 2 3 4 |  4.0
Poison Magic   | 1 2 3 4 |  4.0
Axes           | 5 6 |  6.8
Dodging        | 5 6 |  6.8
Fighting       | 7 8 |  8.3

Action                   |  1- 3 |  4- 6 |  7- 9 | 10-12 || total
-------------------------+-------+-------+-------+-------++-------
Melee: Hand axe          |    82 |   247 |   151 |     9 ||   489
       Bite              |     5 |    17 |    49 |     2 ||    73
       War axe           |       |     3 |   198 |       ||   201
       Punch             |       |       |     3 |       ||     3
Throw: Dart              |     3 |    18 |       |       ||    21
       Javelin           |       |    11 |    17 |       ||    28
Evoke: Wand              |       |     3 |     3 |     2 ||     8
  Use: Scroll            |     3 |       |       |       ||     3
       Potion            |     1 |       |     1 |       ||     2
 Stab: Sleeping          |     5 |    19 |     6 |       ||    30
       Distracted        |       |     1 |       |       ||     1
Armor: Ring mail         |    19 |    76 |     7 |       ||   102
       Leather armour    |     3 |       |       |       ||     3
       Chain mail        |       |       |   215 |    23 ||   238
Dodge: Dodged            |    63 |   113 |   149 |     3 ||   328
Block: Buckler           |       |       |    61 |     2 ||    63

Table legend: (Time is in decaauts)
 A = Elapsed time spent in this place.
 B = Non-inter-level travel time spent in this place.
 C = Inter-level travel time spent in this place.
 D = Time resting spent in this place.
 E = Time spent auto-exploring this place.
 F = Levels seen in this place.
 G = Mean time per level.
                   A        B        C        D        E       F      G
               +--------+--------+--------+--------+--------+-----+--------+
         Total |  11282 |  10758 |    524 |   1827 |   7120 |   9 | 1253.6 |
       Dungeon |  11203 |  10696 |    507 |   1827 |   7066 |   8 | 1400.4 |
        Temple |     78 |     61 |     17 |      0 |     54 |   1 |   78.0 |
               +--------+--------+--------+--------+--------+-----+--------+

Top non-repeatable levels by time:
     D:3: 2284 daAuts
     D:7: 1632 daAuts
     D:2: 1500 daAuts
     D:4: 1474 daAuts
     D:5: 1321 daAuts
     D:8: 1291 daAuts
     D:6: 907 daAuts
     D:1: 790 daAuts
  Temple: 78 daAuts
